 Dungeon Crawl Stone Soup version 0.29-a0-393-g47a863cc1b (webtiles) character file.

Game seed: 3608785363180103113

14825 puppykicker the Frost Mage (level 12, -2/81 HPs)
             Began as a Barachi Ice Elementalist on May 11, 2022.
             Was a Priest of Hepliaklqana.
             Engulfed by a cloud of poison gas (5 damage)
             ... on level 10 of the Dungeon.
             The game lasted 00:49:35 (12528 turns).

puppykicker the Frost Mage (BaIE)                  Turns: 12528, Time: 00:49:35

Health: -2/81      AC: 10    Str: 11    XL:     12   Next: 20%
Magic:  10/21      EV: 18    Int: 20    God:    Hepliaklqana [***...]
Gold:   790        SH:  0    Dex: 12    Spells: 1/23 levels left

rFire   . . .      SeeInvis .   a - +1 long sword (holy)
rCold   . . .      Faith    .   (no shield)
rNeg    . . .      Spirit   .   I - +0 steam dragon scales
rPois   .          Reflect  .   (no helmet)
rElec   .          Harm     .   A - +0 cloak
rCorr   +          Rampage  .   y - +0 pair of gloves
Will    .....                   v - +0 pair of boots
Stlth   +.........              (no amulet)
HPRegen 0.23/turn               o - +4 ring of evasion
MPRegen 0.17/turn               C - ring of resist corrosion

@: confused, lethally poisoned (-2 -> -49), ambrosia-drunk, unable to hop,
hasted, studying Long Blades, quick
A: reduced essence, amphibious, slowness 1, strong legs 1, +LOS
a: Hop, Renounce Religion, Recall Ancestor, Ancestor Identity, Transference


You were on level 10 of the Dungeon.
You worshipped Hepliaklqana.
Hepliaklqana was most pleased with you.
You visited 1 branch of the dungeon, and saw 10 of its levels.

You collected 790 gold pieces.

Inventory:

Hand Weapons
 a - a +1 long sword of holy wrath (weapon)
 b - a +2 dagger of venom
 w - a +0 scimitar
Missiles
 r - 3 curare-tipped darts
 u - 2 throwing nets
 F - 4 silver javelins (quivered)
Armour
 p - the +7 plate armour of Dim Light {Str+5 Stlth+}
   (You found it on level 10 of the Dungeon)

   Str:       It affects your strength (+5).
   Stlth:     It makes you more stealthy.
 v - a +0 pair of boots (worn)
 y - a +0 pair of gloves (worn)
 A - a +0 cloak (worn)
 D - a +0 kite shield
 I - +0 steam dragon scales (worn)
 L - a +0 troll leather armour {regen}
Jewellery
 o - a +4 ring of evasion (left hand)
 C - a ring of resist corrosion (right hand)
 G - an amulet of guardian spirit {Spirit}
Wands
 j - a wand of flame (21)
 K - a wand of polymorph (8)
Scrolls
 e - a scroll of fear
 g - 4 scrolls of magic mapping {!r}
 i - a scroll of identify
 k - 2 scrolls of enchant weapon
 l - a scroll of vulnerability {!r!r}
 t - a scroll of silence
 x - 4 scrolls of enchant armour
 E - a scroll of torment {unknown}
 H - a scroll of noise {unknown}
Potions
 c - 4 potions of attraction {!q}
 d - 2 potions of resistance
 h - 2 potions of magic
 m - a potion of lignification {!q}
 n - a potion of brilliance
 q - 2 potions of flight
 s - a potion of ambrosia
 z - a potion of cancellation


   Skills:
 + Level 7.3 Fighting
 * Level 10.8 Long Blades
 + Level 5.8 Armour
 + Level 6.0 Dodging
 - Level 1.7 Stealth
 + Level 6.2 Spellcasting
 + Level 5.3 Conjurations
 + Level 6.1 Summonings
 - Level 4.0 Necromancy
 - Level 2.0 Translocations
 + Level 12.4 Ice Magic
 + Level 2.0 Air Magic
 + Level 2.0 Poison Magic
 - Level 3.0 Invocations


You had one spell level left.
You knew the following spells:

 Your Spells              Type           Power      Damage    Failure   Level
a - Freeze                Ice            100%       1d11      1%          1
b - Frozen Ramparts       Ice            100%       1d12      1%          3
c - Hailstorm             Conj/Ice       41%        3d10      2%          4
d - Summon Ice Beast      Ice/Summ       43%        N/A       2%          4
g - Apportation           Tloc           28%        N/A       4%          1
o - Ozocubu's Armour      Ice            54%        N/A       1%          3
v - Vampiric Draining     Necr           22%        2d7       6%          3
x - Mephitic Cloud        Conj/Pois/Air  18%        N/A       9%          3

Your spell library contained the following spells:

 Spells                   Type           Power      Damage    Failure   Level
 Slow                     Hex            24%        N/A       11%         1
 Ice Form                 Ice/Tmut       31%        N/A       8%          4
 Freezing Cloud           Conj/Ice/Air   16%        6-21      19%         5
 Ignite Poison            Fire/Tmut/Pois 8%         N/A       24%         3
 Confusing Touch          Hex            6%         N/A       30%         3
 Tukima's Dance           Hex            6%         N/A       30%         3
 Passage of Golubria      Tloc           14%        N/A       41%         4
 Borgnjor's Vile Clutch   Necr/Erth      7%         N/A       77%         5
 Alistair's Intoxication  Tmut/Pois      6%         N/A       88%         5
 Yara's Violent Unravell  Hex/Tmut       3%         3d4       96%         5
 Eringya's Noxious Bog    Tmut/Pois      5%         N/A       100%        6


Dungeon Overview and Level Annotations

Branches:
Dungeon (10/15)            Temple (0/1) D:4            Lair (0/6) D:10
    Orc: D:9-12

Altars:
Ashenzari
Cheibriados
Hepliaklqana
Kikubaaqudgha
Makhleb
Nemelex Xobeh
Qazlal
Ru
Sif Muna
Trog
Uskayaw
Xom
Yredelemnul
Zin


Innate Abilities, Weirdness & Mutations

Your life essence is reduced to manifest your ancestor. (-10% HP)
You are amphibious.
You cover ground slowly.
You can hop short distances.
You have an extended range of vision and can be seen from far away.


Message History

Press: ? - help, Shift-Dir - straight line, f/p - death yak
Aim: a death yak (poison gas, moderately wounded, extremely poisoned, ally target, 89% to hit)
The puff of flame hits the death yak but does no damage.
The death yak is engulfed in poison gas.
The death yak looks as sick as possible!
The wall freezes the death yak!
Aiming: Throw Flame
Press: ? - help, Shift-Dir - straight line, f/p - death yak
Aim: a death yak (poison gas, heavily wounded, extremely poisoned, ally target, 89% to hit)
The puff of flame hits the death yak but does no damage.
Your icy armour and frozen ramparts will break if you move.
Continue?
Really walk into that cloud of poison gas?
You swap places.
Your icy armour cracks and falls away as you move.
The frozen ramparts melt away as you move.
You are engulfed in poison gas.
You are poisoned.
* * * LOW HITPOINT WARNING * * *
x2 You feel very sick.
The death yak is engulfed in poison gas.
The death yak looks as sick as possible!
The death yak gores your ice beast!
You take 8 damage, and have 8/81 hp.
You are confused.
You feel invigorated.
You are engulfed in poison gas.
You are more poisoned.
* * * LOW HITPOINT WARNING * * *
x2 You feel very sick.
Your ice beast freezes the death yak!
The death yak is poisoned.
The death yak is engulfed in poison gas.
The death yak looks as sick as possible!
You kill the death yak!
Your Air Magic skill increases to level 2!
Your Poison Magic skill increases to level 2!
You take 5 damage, and have 3/81 hp.
You regained 3 mp, and now have 10/21 mp.
You're too confused to move!
You are engulfed in poison gas.
You are more poisoned.
You die...

#.........##..
#.........#... #
#.........#.## #.
#.........#.#. #..
###.#'#######.#. #§..
#...#§# #.....#. #§○○.
#.#§§○###.#####.
#§☼§§§###☼§○☼§§§..#...#.
#§§○§@.Y§○#######R#.##
#########§○☼Y§..Y.Y...
#####÷########Y.##
#..÷.)).....##....
#.#...÷>÷......Y....
...........<..Y.#....
......>...÷)....R###..
............÷....# ..
###..............# ..


You could see a death yak (poisoned, drained) and a friendly ice beast
(summoned).

Levels and vault maps discovered:
D:1:      dpeg_arrival_subterranean_lakeside_camping, layout_loops_corners,
          ebering_ecumenical_altar_mist
D:2:      layout_basic, basic_altar, st_stairs_3
D:3:      layout_rooms, grunt_temple_overflow_order_and_chaos_2,
          mainiacjoe_overflow_alcove_2, chequers_temple_overflow_minitemple,
          uniq_natasha
D:4:      layout_rooms, mainiacjoe_overflow_large_starburst,
          nemelex_spade_bored_becter, minmay_temple_entry_antechambers,
          grunt_decor_resistance, uniq_menkaure
D:5:      layout_rooms, jmf_multi_god_temple, serial_bayou_ford_a
D:6:      layout_basic, minivault_26
D:7:      layout_rooms, dreamdust_gnoll_farm
D:8:      layout_gridville, uniq_maurice
D:9:      layout_loops_ring, lemuel_coloured_pillars_altar, tgw_kikubaaqudgha,
          nicolae_rejected_hall, uniq_prince_ribbit1
D:10:     layout_basic, dpeg_lair_monsters, minmay_mirror_moons_of_madness

Notes
Turn   | Place    | Note
-------+----------+-------------------------------------------
     0 | D:1      | puppykicker the Barachi Ice Elementalist began the quest
                  | for the Orb.
     0 | D:1      | Reached XP level 1. HP: 13/13 MP: 3/3
    18 | D:1      | Found a faded altar of an unknown god.
   249 | D:1      | Identified a +0 club
   253 | D:1      | Reached skill level 5 in Ice Magic
   319 | D:1      | Reached XP level 2. HP: 16/20 MP: 1/5
   377 | D:1      | Identified a +0 club
   457 | D:1      | Identified a +0 dagger
   784 | D:1      | Identified a +0 dagger
   789 | D:1      | Reached skill level 1 in Fighting
   830 | D:1      | Identified a +0 dagger
   864 | D:1      | Identified a +0 dagger
  1110 | D:2      | Identified a +0 dagger
  1110 | D:2      | Identified a +0 hunting sling
  1117 | D:2      | Reached XP level 3. HP: 11/26 MP: 2/6
  1423 | D:2      | Found a shimmering altar of Xom.
  1493 | D:2      | Learned a level 3 spell: Frozen Ramparts
  1497 | D:2      | Learned a level 3 spell: Ozocubu's Armour
  1843 | D:2      | Reached XP level 4. HP: 33/33 MP: 3/8
  2109 | D:3      | Reached skill level 2 in Fighting
  2155 | D:3      | Identified a +0 trident
  2200 | D:3      | Reached skill level 6 in Ice Magic
  2298 | D:3      | Noticed Natasha
  2302 | D:3      | Killed Natasha
  2303 | D:3      | Reached skill level 3 in Spellcasting
  2393 | D:3      | Identified 2 scrolls of teleportation
  2497 | D:3      | Found a shimmering blue altar of Sif Muna.
  2497 | D:3      | Found a bloodstained altar of Trog.
  2520 | D:3      | Identified 2 scrolls of magic mapping
  2521 | D:3      | Identified 2 scrolls of identify
  2521 | D:3      | Identified 3 potions of attraction
  2522 | D:3      | Identified a potion of resistance
  2565 | D:3      | Found a hazy altar of Hepliaklqana.
  2567 | D:3      | Found a faded altar of an unknown god.
  2568 | D:3      | Found a faded altar of an unknown god.
  2572 | D:3      | Became a worshipper of Hepliaklqana the Forgotten
  2574 | D:3      | Identified a +0 whip
  2621 | D:3      | Identified a +0 club
  2621 | D:3      | Identified a +0 scale mail
  2634 | D:3      | Noticed Natasha
  2642 | D:3      | Killed Natasha
  2643 | D:3      | Reached XP level 5. HP: 36/39 MP: 4/9
  2755 | D:3      | Found a basalt altar of Yredelemnul.
  2794 | D:3      | Identified a potion of lignification
  2826 | D:3      | Found a burning altar of Makhleb.
  2828 | D:3      | Found a glowing silver altar of Zin.
  2829 | D:3      | Noticed an Executioner
  2829 | D:3      | Identified a +2 whip of holy wrath
  2829 | D:3      | Identified a +0 robe
  2829 | D:3      | Noticed an angel
  2923 | D:4      | Identified a +0 club
  3075 | D:4      | Identified a +0 club
  3077 | D:4      | Identified a +0 dagger
  3077 | D:4      | Identified a +0 robe
  3078 | D:4      | Identified a +0 whip
  3078 | D:4      | Identified a +0 falchion
  3078 | D:4      | Identified a +0 dagger
  3078 | D:4      | Identified a +0 robe
  3087 | D:4      | Reached skill level 3 in Fighting
  3174 | D:4      | Learned a level 3 spell: Vampiric Draining
  3191 | D:4      | Identified a +0 club
  3258 | D:4      | Found a staircase to the Ecumenical Temple.
  3295 | D:4      | Found a broken altar of Ashenzari.
  3305 | D:4      | Reached XP level 6. HP: 47/47 MP: 7/11
  3308 | D:4      | Found a snail-covered altar of Cheibriados.
  3332 | D:4      | Noticed Menkaure
  3342 | D:4      | HP: 9/47 [Menkaure (12)]
  3343 | D:4      | Killed Menkaure
  3344 | D:4      | Reached skill level 1 in Long Blades
  3344 | D:4      | Reached skill level 7 in Ice Magic
  3609 | D:4      | Learned a level 1 spell: Apportation
  3642 | D:4      | Identified a +0 giant club
  3657 | D:4      | Reached skill level 1 in Necromancy
  3657 | D:4      | Reached XP level 7. HP: 53/53 MP: 2/12
  3747 | D:4      | Identified a potion of flight
  3783 | D:4      | Identified a +0 dagger
  3783 | D:4      | Identified a +0 hunting sling
  3796 | D:4      | Identified a +0 long sword
  3813 | D:4      | Found a sparkling altar of Nemelex Xobeh.
  3898 | D:4      | Identified a +0 hunting sling
  3899 | D:4      | Reached * piety under Hepliaklqana
  4039 | D:5      | Entered Level 5 of the Dungeon
  4046 | D:5      | HP: 10/47 [ufetubus (2)]
  4303 | D:5      | Reached skill level 4 in Spellcasting
  4303 | D:5      | Reached skill level 1 in Translocations
  4455 | D:5      | Found a stormy altar of Qazlal.
  4455 | D:5      | Found a hide-covered altar of Uskayaw.
  4455 | D:5      | Identified a +1 vorpal flail
  4455 | D:5      | Identified a +0 spear
  4455 | D:5      | Identified a +0 spear
  4455 | D:5      | Identified a +0 whip
  4477 | D:5      | Identified a +0 dagger
  4479 | D:5      | Identified a +0 club
  4479 | D:5      | Identified a +0 leather armour
  4533 | D:5      | Identified a +0 pair of boots
  4549 | D:5      | Identified a +0 mace
  4549 | D:5      | Identified a +0 leather armour
  4555 | D:5      | Reached skill level 2 in Long Blades
  4565 | D:5      | Identified a +4 ring of evasion
  4595 | D:5      | Identified a +0 short sword
  4623 | D:5      | Identified 2 potions of ambrosia
  4632 | D:5      | Reached skill level 4 in Fighting
  4753 | D:5      | Identified a potion of brilliance
  4770 | D:5      | Identified a scroll of silence
  4771 | D:5      | Identified a scroll of vulnerability
  4772 | D:5      | Identified a scroll of enchant armour
  4865 | D:6      | Identified a +0 quarterstaff
  5131 | D:6      | Reached skill level 2 in Necromancy
  5131 | D:6      | Reached skill level 8 in Ice Magic
  5263 | D:6      | Reached skill level 2 in Translocations
  5263 | D:6      | Reached XP level 8. HP: 29/54 MP: 10/14
  5428 | D:6      | Learned a level 4 spell: Summon Ice Beast
  5445 | D:6      | Identified a ring of resist corrosion
  5449 | D:6      | Identified a +0 shortbow
  5460 | D:6      | Reached skill level 3 in Long Blades
  5684 | D:6      | Identified a +0 giant club
  5686 | D:6      | Noticed a cyclops
  5708 | D:6      | Reached skill level 1 in Summonings
  5713 | D:6      | Killed a cyclops
  5714 | D:6      | Reached skill level 4 in Long Blades
  5714 | D:6      | Reached skill level 5 in Spellcasting
  5714 | D:6      | Reached skill level 2 in Summonings
  5714 | D:6      | Reached skill level 9 in Ice Magic
  5714 | D:6      | Reached skill level 1 in Invocations
  5795 | D:6      | Identified a +0 club
  5795 | D:6      | Identified a +0 flail
  5795 | D:6      | Identified a +0 club
  5795 | D:6      | Identified a +0 robe
  5796 | D:6      | Identified a +0 spear
  5798 | D:6      | Identified a +0 club
  5801 | D:6      | Reached skill level 3 in Necromancy
  5807 | D:6      | Identified a +0 whip
  5866 | D:6      | Identified a scroll of enchant weapon
  5877 | D:6      | Identified a +0 club
  5878 | D:6      | Identified a +0 dagger
  5878 | D:6      | Identified a +0 robe
  5878 | D:6      | Identified a +2 hand axe of electrocution
  5883 | D:6      | Identified a +0 mace
  5883 | D:6      | Identified a +0 ring mail
  5883 | D:6      | Identified a +0 whip
  5883 | D:6      | Identified a +0 leather armour
  6021 | D:6      | Identified a +0 leather armour
  6028 | D:6      | Reached ** piety under Hepliaklqana
  6054 | D:6      | Remembered your ancestor your gay dad as a hexer
  6054 | D:6      | Identified a +0 dagger of draining
  6059 | D:6      | Reached skill level 2 in Invocations
  6059 | D:6      | Reached XP level 9. HP: 58/58 MP: 12/16
  6172 | D:6      | Identified a +0 ring mail
  6336 | D:7      | Identified a +0 pair of gloves
  6356 | D:7      | Identified a +0 scythe
  6360 | D:7      | Reached skill level 3 in Summonings
  6361 | D:7      | Identified a +0 scythe
  6373 | D:7      | Identified a +0 scythe
  6375 | D:7      | Identified a +1 long sword of holy wrath
  6398 | D:7      | Identified a +0 scythe
  6509 | D:7      | Identified an amulet of guardian spirit
  6559 | D:7      | Identified a +0 dagger
  6560 | D:7      | Identified a +0 short sword
  6570 | D:7      | Identified a +0 whip
  6575 | D:7      | Noticed a hornet
  6617 | D:7      | Killed a hornet
  6783 | D:7      | Identified a +0 flail
  6783 | D:7      | Identified a +0 robe
  6783 | D:7      | Identified a +2 falchion
  6783 | D:7      | Identified a +0 robe
  6783 | D:7      | Identified a +3 spear
  6783 | D:7      | Identified a +0 robe
  6784 | D:7      | Identified a +3 dire flail
  6784 | D:7      | Identified a +0 robe
  6948 | D:7      | Reached skill level 10 in Ice Magic
  6958 | D:7      | Reached skill level 5 in Long Blades
  7011 | D:7      | Identified a +0 dagger of draining
  7091 | D:7      | Identified a +0 war axe
  7091 | D:7      | Identified a +0 leather armour
  7091 | D:7      | Identified a +0 whip
  7093 | D:7      | Identified a +0 dagger
  7093 | D:7      | Identified a +0 robe
  7099 | D:7      | Identified a +0 dagger
  7115 | D:7      | Identified a potion of degeneration
  7251 | D:8      | Identified a +2 dagger of venom
  7251 | D:8      | Identified a +0 cloak
  7251 | D:8      | Noticed Maurice
  7272 | D:8      | Killed Maurice
  7273 | D:8      | Reached skill level 4 in Summonings
  7273 | D:8      | Reached skill level 3 in Invocations
  7314 | D:8      | Identified a +0 flail
  7314 | D:8      | Identified a +0 whip
  7314 | D:8      | Identified a +0 spear
  7314 | D:8      | Identified a +0 club
  7314 | D:8      | Identified a +0 spear
  7314 | D:8      | Identified a +0 ring mail
  7314 | D:8      | Identified a +0 kite shield
  7431 | D:8      | Identified a +0 rapier
  7431 | D:8      | Identified a +0 shortbow
  7431 | D:8      | Identified a +0 trident of flaming
  7432 | D:8      | Identified a +0 hand axe
  7436 | D:8      | Identified a +0 dagger
  7436 | D:8      | Identified a +0 ring mail
  7436 | D:8      | Identified a +0 club
  7436 | D:8      | Identified a +0 ring mail
  7597 | D:8      | Identified a +0 dagger
  7597 | D:8      | Identified a +0 ring mail
  7597 | D:8      | Identified a +0 dagger
  7597 | D:8      | Identified a +0 robe
  7597 | D:8      | Identified a +0 hand axe
  7598 | D:8      | Identified a +0 dagger
  7598 | D:8      | Identified a +0 robe
  7598 | D:8      | Identified a +0 flail
  7606 | D:8      | HP: 14/58 [steam dragon/ball of steam (24)]
  7608 | D:8      | Identified +0 steam dragon scales
  7609 | D:8      | Reached skill level 6 in Spellcasting
  7609 | D:8      | Reached skill level 4 in Necromancy
  7841 | D:8      | Learned a level 4 spell: Hailstorm
  7948 | D:8      | Identified a +0 robe
  8137 | D:8      | Reached XP level 10. HP: 56/63 MP: 14/19
  8264 | D:9      | Identified a +0 club
  8264 | D:9      | Identified a +0 short sword
  8265 | D:9      | Identified a +0 short sword
  8267 | D:9      | Identified a +0 whip
  8272 | D:9      | Reached skill level 11 in Ice Magic
  8290 | D:9      | Identified a +0 hand axe
  8386 | D:9      | Found an ancient bone altar of Kikubaaqudgha.
  8387 | D:9      | Identified a potion of cancellation
  8431 | D:9      | Reached skill level 1 in Armour
  8433 | D:9      | Reached skill level 1 in Conjurations
  8437 | D:9      | Identified a +0 hunting sling
  8437 | D:9      | Identified a +0 shortbow
  8438 | D:9      | Reached skill level 6 in Long Blades
  8457 | D:9      | Identified a +0 short sword
  8457 | D:9      | Identified a +0 chain mail
  8462 | D:9      | Reached skill level 2 in Armour
  8462 | D:9      | Reached skill level 3 in Dodging
  8546 | D:9      | Noticed Prince Ribbit
  8548 | D:9      | Identified a +0 whip
  8550 | D:9      | Identified a +0 whip
  8556 | D:9      | Identified a +0 spear
  8559 | D:9      | Killed Prince Ribbit
  8560 | D:9      | Reached skill level 2 in Conjurations
  8560 | D:9      | Identified a +0 spear
  8560 | D:9      | Identified a +0 scale mail
  8566 | D:9      | Identified a +0 broad axe
  8629 | D:9      | Identified a +0 club
  8674 | D:9      | Identified a +0 shortbow
  8681 | D:9      | Identified a +0 scimitar
  8681 | D:9      | Identified a +0 chain mail
  8683 | D:9      | Reached skill level 5 in Fighting
  8685 | D:9      | Noticed an eight-headed hydra
  8687 | D:9      | Identified a +0 dagger
  8687 | D:9      | Identified a +0 robe
  8701 | D:9      | Identified a +0 dire flail
  8701 | D:9      | Identified a +0 giant spiked club
  8701 | D:9      | Noticed a two-headed ogre
  8701 | D:9      | Identified a +0 trident
  8701 | D:9      | Identified a +0 chain mail
  8739 | D:9      | Identified a +0 dagger of draining
  8948 | D:9      | Reached skill level 3 in Armour
  8991 | D:9      | Found a sacrificial altar of Ru.
  9067 | D:9      | Identified the +4 broad axe of the Tundras {freeze, rC+}
  9067 | D:9      | Identified a +0 robe
  9067 | D:9      | Noticed a kobold demonologist
  9080 | D:9      | Identified a +0 short sword
  9089 | D:9      | Killed a kobold demonologist
  9090 | D:9      | Reached skill level 4 in Dodging
  9090 | D:9      | Reached skill level 3 in Conjurations
  9240 | D:9      | Identified a +4 halberd
  9240 | D:9      | Identified a +0 chain mail
  9240 | D:9      | Noticed a death knight
  9276 | D:9      | Identified a +0 dagger of draining
  9302 | D:9      | Killed a death knight
  9303 | D:9      | Reached skill level 7 in Long Blades
  9412 | D:9      | Identified a +2 bardiche of venom
  9412 | D:9      | Identified a +0 arbalest
  9437 | D:9      | Reached skill level 4 in Armour
  9457 | D:9      | Killed an eight-headed hydra
  9458 | D:9      | Reached skill level 6 in Fighting
  9458 | D:9      | Reached XP level 11. HP: 52/72 MP: 13/20
  9512 | D:9      | Identified a +0 dagger of draining
  9605 | D:9      | Identified a +3 falchion of holy wrath
  9609 | D:9      | Identified a +0 longbow
  9609 | D:9      | Noticed a centaur warrior
  9613 | D:9      | Noticed a purple ugly thing
  9615 | D:9      | Reached skill level 4 in Conjurations
  9620 | D:9      | Killed a centaur warrior
  9621 | D:9      | Reached skill level 8 in Long Blades
  9633 | D:9      | Identified a scroll of fear
  9668 | D:9      | Identified a +0 dagger of draining
  9882 | D:9      | Identified a +0 rapier
  9882 | D:9      | Identified a +0 robe
  9900 | D:9      | Identified a +0 giant club
  9900 | D:9      | Identified a +0 giant club
  9900 | D:9      | Noticed a two-headed ogre
  9908 | D:9      | Killed a two-headed ogre
  9909 | D:9      | Reached skill level 5 in Dodging
  9909 | D:9      | Reached skill level 5 in Summonings
  9909 | D:9      | Reached skill level 12 in Ice Magic
 10231 | D:9      | Identified a +0 shortbow
 10236 | D:9      | Noticed a seven-headed hydra
 10238 | D:9      | Identified a +0 flail
 10238 | D:9      | Identified a +0 ring mail
 10239 | D:9      | Identified a +0 short sword
 10239 | D:9      | Identified a +0 chain mail
 10243 | D:9      | Identified a +0 arbalest
 10243 | D:9      | Identified a +0 flail
 10245 | D:9      | Identified a +0 war axe
 10245 | D:9      | Killed a seven-headed hydra
 10247 | D:9      | Identified a +0 spear
 10247 | D:9      | Identified a +0 robe
 10247 | D:9      | Noticed an ogre mage
 10247 | D:9      | Identified a +0 falchion
 10247 | D:9      | Identified a +0 robe
 10248 | D:9      | HP: 12/74 [yaktaur/bolt (10)]
 10250 | D:9      | Identified a scroll of immolation
 10251 | D:9      | Identified a scroll of amnesia
 10252 | D:9      | Identified a scroll of fog
 10253 | D:9      | Reached skill level 5 in Armour
 10284 | D:9      | Identified a +0 dagger of draining
 10646 | D:9      | Killed a purple ugly thing
 10647 | D:9      | Reached skill level 9 in Long Blades
 10728 | D:9      | Identified a +0 giant club
 10728 | D:9      | Identified a +0 giant club
 10728 | D:9      | Noticed a two-headed ogre
 10734 | D:9      | Killed a two-headed ogre
 10765 | D:9      | Learned a level 3 spell: Mephitic Cloud
 10793 | D:9      | Identified a +0 hand axe
 10799 | D:9      | Killed an ogre mage
 10913 | D:9      | HP: 10/74 [two-headed ogre/+0 dire flail (24)]
 10914 | D:9      | Killed a two-headed ogre
 10915 | D:9      | Reached skill level 7 in Fighting
 10915 | D:9      | Reached skill level 10 in Long Blades
 10915 | D:9      | Reached skill level 5 in Conjurations
 10915 | D:9      | Reached skill level 1 in Air Magic
 10915 | D:9      | Reached skill level 1 in Poison Magic
 10958 | D:9      | Identified a +0 dagger of draining
 11394 | D:9      | Reached *** piety under Hepliaklqana
 11437 | D:10     | Entered Level 10 of the Dungeon
 11466 | D:10     | Identified the +7 plate armour of Dim Light {Str+5 Stlth+}
 11474 | D:10     | Identified a scroll of poison
 11483 | D:10     | Identified a +0 morningstar
 11585 | D:10     | Identified a +0 club
 11585 | D:10     | Identified a +0 leather armour
 11587 | D:10     | Identified a +0 trident
 11587 | D:10     | Identified a +0 chain mail
 11936 | D:10     | Identified a +0 dagger
 11936 | D:10     | Identified a +0 robe
 11936 | D:10     | Noticed a wizard
 11937 | D:10     | Noticed a green ugly thing
 11942 | D:10     | Identified a +2 dagger of venom
 11942 | D:10     | Identified a +0 robe
 11968 | D:10     | Reached XP level 12. HP: 72/81 MP: 21/21
 12126 | D:10     | Identified a +0 club
 12148 | D:10     | Identified a +0 troll leather armour
 12213 | D:10     | Identified a +0 shortbow
 12298 | D:10     | Identified a +0 short sword
 12298 | D:10     | Identified a +0 chain mail
 12301 | D:10     | Reached skill level 6 in Summonings
 12455 | D:10     | Reached skill level 6 in Dodging
 12492 | D:10     | Found a staircase to the Lair.
 12494 | D:10     | Noticed a death yak
 12494 | D:10     | Noticed a death yak
 12495 | D:10     | Noticed a death yak
 12514 | D:10     | HP: 14/81 [death yak (18)]
 12516 | D:10     | Identified a scroll of blinking
 12518 | D:10     | Identified a potion of haste
 12526 | D:10     | HP: 10/81 [cloud of poison gas (6)]
 12527 | D:10     | HP: 3/81 [poisoned by you (poison gas)]
 12527 | D:10     | Killed a death yak
 12528 | D:10     | Reached skill level 2 in Air Magic
 12528 | D:10     | Reached skill level 2 in Poison Magic
 12528 | D:10     | Engulfed by a cloud of poison gas

Table legend: (Time is in decaauts)
 A = Elapsed time spent in this place.
 B = Non-inter-level travel time spent in this place.
 C = Inter-level travel time spent in this place.
 D = Time resting spent in this place.
 E = Time spent auto-exploring this place.
 F = Levels seen in this place.
 G = Mean time per level.
                   A        B        C        D        E       F      G
               +--------+--------+--------+--------+--------+-----+--------+
         Total |  13751 |  13318 |    433 |   5602 |   5677 |  10 | 1375.1 |
       Dungeon |  13751 |  13318 |    433 |   5602 |   5677 |  10 | 1375.1 |
               +--------+--------+--------+--------+--------+-----+--------+

Top non-repeatable levels by time:
     D:9: 3414 daAuts
     D:6: 1696 daAuts
     D:1: 1427 daAuts
     D:4: 1282 daAuts
    D:10: 1199 daAuts
     D:8: 1189 daAuts
     D:2: 934 daAuts
     D:5: 894 daAuts
     D:3: 863 daAuts
     D:7: 848 daAuts

Table legend:
 A = Kills in this place as a percentage of kills in entire the game.
 B = Kills by you in this place as a percentage of kills by you in the entire game.
 C = Kills by friends in this place as a percentage of kills by friends in the entire game.
 D = Other kills in this place as a percentage of other kills in the entire game.
 E = Experience gained in this place as a percentage of experience gained in the entire game.
 F = Experience gained in this place divided by the number of levels of this place that you have seen.
                   A       B       C       D       E      F
               +-------+-------+-------+-------+-------+----------------------
         Total | 100.0 | 100.0 | 100.0 | 100.0 | 100.0 | 2117.9
       Dungeon | 100.0 | 100.0 | 100.0 | 100.0 | 100.0 | 2117.9
               +-------+-------+-------+-------+-------+----------------------

Skill      XL: |  1  2  3  4  5  6  7  8  9 10 11 12 |
---------------+-------------------------------------+-----
Ice Magic      | 5 6 7 8 9 10 11 12 | 12.4
Fighting       | 1 2 3 4 6 7 |  7.3
Spellcasting   | 3 4 5 6 |  6.2
Long Blades    | 1 2 4 5 7 10 | 10.8
Necromancy     | 1 2 3 4 |  4.0
Translocations | 2 |  2.0
Summonings     | 2 4 5 6 |  6.1
Invocations    | 2 3 |  3.0
Armour         | 4 5 |  5.8
Conjurations   | 3 5 |  5.3
Dodging        | 4 5 6 |  6.0
Air Magic      | 1 2 |  2.0
Poison Magic   | 1 2 |  2.0
Stealth        | |  1.7

Action                   |  1- 3 |  4- 6 |  7- 9 | 10-12 || total
-------------------------+-------+-------+-------+-------++-------
Melee: Unarmed           |     2 |       |       |       ||     2
       Dagger            |     5 |       |       |       ||     5
       Trident           |       |    21 |       |       ||    21
       Falchion          |       |     3 |       |       ||     3
       Long sword        |       |       |    61 |    41 ||   102
       Punch             |       |       |       |     1 ||     1
 Fire: Hunting sling     |       |     2 |       |       ||     2
Throw: Dart              |       |       |     1 |     3 ||     4
       Javelin           |       |       |       |     4 ||     4
 Cast: Freeze            |    51 |    38 |    43 |    49 ||   181
       Frozen Ramparts   |       |     6 |    31 |    36 ||    73
       Ozocubu's Armour  |       |     2 |     9 |    13 ||    24
       Summon Ice Beast  |       |       |     2 |     7 ||     9
       Hailstorm         |       |       |       |     6 ||     6
       Vampiric Draining |       |       |       |     4 ||     4
Invok: Ancestor Identity |       |       |     1 |       ||     1
       Ancestor Life: He |       |       |     1 |       ||     1
       Recall Ancestor   |       |       |     1 |     3 ||     4
 Abil: Hop               |     1 |     1 |     1 |     4 ||     7
Evoke: Wand              |       |     3 |     4 |    12 ||    19
  Use: Scroll            |       |     5 |     9 |    12 ||    26
       Potion            |       |       |       |     3 ||     3
 Stab: Sleeping          |       |     2 |       |       ||     2
       Confused          |       |       |       |     1 ||     1
Armor: Robe              |     8 |     2 |    12 |       ||    22
       Steam dragon scal |       |       |       |    25 ||    25
Dodge: Dodged            |    44 |    23 |   132 |   112 ||   311

Vanquished Creatures
  A hydra (D:9)
  A two-headed ogre (D:9)
  A centaur warrior (D:9)
  A death yak (D:10)
  A death knight (D:9)
  2 ugly things
  A cyclops (D:6)
  Maurice (D:8)
  A gargoyle (D:10)
  A kobold demonologist (D:9)
  A yaktaur (D:9)
  3 trolls
  Prince Ribbit (D:9)
  2 wyverns (D:9)
  A yak (D:9)
  A steam dragon (D:8)
  A vampire mosquito (D:9)
  Menkaure (D:4)
  4 water moccasins
  6 orc warriors
  2 ogres
  5 centaurs
  2 kobold brigands
  A scorpion (D:5)
  2 bullfrogs
  2 wights (D:7)
  9 killer bees (D:9)
  3 howler monkeys (D:9)
  4 orc priests
  A gnoll shaman (D:6)
  A hound (D:6)
  An iguana (D:4)
  Natasha (twice) (D:3)
  9 orc wizards
  16 gnolls
  6 adders
  A river rat (D:10)
  2 white imps (D:6)
  3 ufetubi
  A worm (D:3)
  2 dart slugs
  20 orcs
  7 endoplasms
  2 giant cockroaches (D:4)
  7 goblins
  9 hobgoblins
  9 jackals
  5 quokkas
  6 ball pythons
  5 bats
  2 frilled lizards (D:1)
  7 kobolds
  7 rats
193 creatures vanquished.

Vanquished Creatures (collateral kills)
  An ogre mage (D:9)
  2 two-headed ogres (D:9)
  A hydra (D:9)
  A yaktaur (D:9)
  An unseen horror (D:10)
  A kobold demonologist (D:10)
  A hornet (D:7)
  2 yaks (D:9)
  A steam dragon (D:10)
  A water moccasin (D:9)
  A centaur (D:9)
  2 gnoll sergeants
  A scorpion (D:5)
  2 wights (D:7)
  2 killer bees (D:9)
  3 hounds
  A jelly (D:5)
  An orc priest (D:9)
  An adder (D:6)
  5 gnolls
  2 river rats (D:10)
  3 shadow imps
  A white imp (D:7)
  A howler monkey simulacrum (D:9)
  An orc (D:5)
  A jackal (D:5)
  A quokka (D:10)
  A rat (D:10)
42 creatures vanquished.

Vanquished Creatures (others)
  A human (D:9)
  An orc priest (D:8)
  8 hexers
  3 ancestors (D:6)
  2 fungi (D:7)
  A plant (D:5)
16 creatures vanquished.

Grand Total: 251 creatures vanquished
